 Dungeon Crawl Stone Soup version 0.26.1-2-gb8aa6d0 (webtiles) character file.

Game seed: 7848191117267531476

91 Geeful the Sneak (level 4, -4/33 HPs)
             Began as an Octopode Delver on Mar 20, 2021.
             Slain by a water moccasin zombie (5 damage)
             ... in an ossuary.
             The game lasted 00:03:21 (795 turns).

Geeful the Sneak (Octopode Delver)                   Turns: 795, Time: 00:03:22

Health: -4/33      AC:  1    Str: 11    XL:     4   Next: 57%
Magic:  4/4        EV: 14    Int: 13    God:
Gold:   0          SH:  0    Dex: 13    Spells: 3/3 levels left

rFire    . . .     SeeInvis .   g - +0 rapier
rCold    . . .     Faith    .   (no shield)
rNeg     . . .     Spirit   .   (helmet restricted)
rPois    .         Reflect  .   (no amulet)
rElec    .         Harm     .   (no ring)
rCorr    .         Rampage  .   (no ring)
Will     .....                  (no ring)
Stlth    +++++.....             (no ring)
HPRegen  0.11/turn              (no ring)
MPRegen  0.09/turn              (no ring)
                                (no ring)
                                (no ring)

@: hasted, very quick
A: almost no armour, stealthy swim, amphibious, 8 rings, constrict 8, camouflage
1, gelatinous body 1
a: no special abilities


You were in an ossuary.
You visited 1 branch of the dungeon, and saw 2 of its levels.
You also visited: Ossuary.

Inventory:

Hand Weapons
 a - a +0 short sword
 g - a +0 rapier (weapon)
Wands
 f - a wand of digging (3)
Scrolls
 b - a scroll of fog
 c - a scroll of magic mapping
 d - a scroll of fear


   Skills:
 + Level 3.9 Fighting
 - Level 2.0 Short Blades
 + Level 3.1 Dodging
 + Level 7.5 Stealth


You had 3 spell levels left.
You didn't know any spells.
Your spell library was empty.

Dungeon Overview and Level Annotations

Branches:
Dungeon (6/15)            Ossuary (1/1)
 Temple: D:4-7

Altars:


Innate Abilities, Weirdness & Mutations

You cannot wear most types of armour.
You are very stealthy in the water. (Stealth+)
You are amphibious.
You can wear up to eight rings at the same time.
You can use your tentacles to constrict eight enemies at once.
Your skin changes colour to match your surroundings (Stealth+).
Your rubbery body absorbs attacks. (AC +1, EV +1)


Message History

The water moccasin zombie is moderately damaged.
You constrict the water moccasin zombie.
The adder zombie bites you. The water moccasin zombie bites you!
You hit the water moccasin zombie.
The water moccasin zombie is heavily damaged.
You constrict the water moccasin zombie.
The water moccasin zombie bites you!
* * * LOW HITPOINT WARNING * * *
The adder zombie barely misses you. The water moccasin zombie bites you.
* * * LOW HITPOINT WARNING * * *
You feel yourself speed up.
You constrict the water moccasin zombie.
The adder zombie bites you.
* * * LOW HITPOINT WARNING * * *
The water moccasin zombie bites you but does no damage.
Really walk into that dart trap?
You release your grip on the water moccasin zombie.
You avoid triggering a dart trap.
The adder zombie barely misses you.
A poisoned dart hits the kobold zombie!
The water moccasin zombie bites you.
You die...

#####
+...#
#...#
#.Z.#
#'###
#.Z.#
#ZZ@#
#^^.#
#^^^#
##'##
#...#
#...#
#...#
#...#
###'#


You could see an adder zombie, a water moccasin zombie and a kobold zombie.

Vanquished Creatures
  A water moccasin zombie (Ossuary)
  A worker ant (D:6)
  An adder zombie (Ossuary)
  A ball python (D:5)
  A gnoll zombie (Ossuary)
  6 hobgoblin zombies (Ossuary)
  2 kobold zombies (Ossuary)
13 creatures vanquished.

Notes
Turn   | Place    | Note
-------+----------+-------------------------------------------
     0 | D:5      | Geeful the Octopode Delver began the quest for the Orb.
     0 | D:5      | Reached XP level 1. HP: 16/16 MP: 1/1
    35 | D:6      | Noticed a worker ant
    59 | D:6      | Killed a worker ant
    60 | D:6      | Reached skill level 7 in Stealth
    60 | D:6      | Reached XP level 2. HP: 18/21 MP: 2/2
    60 | D:6      | Reached XP level 3. HP: 22/26 MP: 3/3
   223 | D:6      | Noticed a sky beast
   349 | D:5      | Found a sand-covered staircase.
   358 | Ossuary  | Entered an ossuary
   396 | Ossuary  | Reached XP level 4. HP: 8/33 MP: 4/4
   794 | Ossuary  | HP: 1/33 [adder zombie (3)]
   795 | Ossuary  | Slain by a water moccasin zombie

Illustrated notes

Levels and vault maps discovered:
D:5:      layout_gridville, lightli_temple_of_fire, kennysheep_little_box,
          minmay_temple_entry_statues_pillars, enter_ossuary_4,
          biasface_ghost_orc_armoury, serial_shops, shop,
          chequers_serial_rivers_micro_d, uniq_duvessa
D:6:      layout_rooms, lemuel_coloured_pillars_altar, lemuel_crystal_altar,
          hangedman_abyss_or_decor_lesser_grid
Ossuary:  ossuary_tomb_2

Skill      XL: |  1  2  3 |
---------------+----------+-----
Stealth        | 7 |  7.5
Dodging        | 3 |  3.1
Fighting       | |  3.9
Short Blades   | |  2.0

Action                   |  1- 3 |  4- 6 || total
-------------------------+-------+-------++-------
Melee: Short sword       |     8 |       ||     8
       Constrict         |     8 |     6 ||    14
       Tentacles         |     6 |     3 ||     9
       Rapier            |    19 |    15 ||    34
  Use: Potion            |       |     1 ||     1
 Stab: Sleeping          |     2 |     1 ||     3
Armor: Skin              |     1 |     2 ||     3
Dodge: Dodged            |    24 |     9 ||    33
